 Dungeon Crawl Stone Soup version 0.28-a0-1241-gf280a0fbb2 (webtiles) character file.

Game seed: 16731949981151288870

12052 Grim the Cleaver (level 12, -9/98 HPs)
             Began as a Formicid Fighter on Dec 26, 2021.
             Was a Priest of the Shining One.
             Mangled by a polar bear (24 damage)
             ... in an ice cave.
             The game lasted 00:29:40 (16338 turns).

Grim the Cleaver (Formicid Fighter)                Turns: 16338, Time: 00:29:41

Health: -9/98      AC: 14    Str: 22    XL:     12   Next: 15%
Magic:  10/15      EV:  6    Int: 12    God:    the Shining One [***...]
Gold:   210        SH:  5    Dex: 10    Spells: 11/11 levels left

rFire   + . .      SeeInvis +   i - +1 war axe (venom)
rCold   . . .      Faith    +   c - +1 buckler
rNeg    + . .      Spirit   .   h - +0 plate armour
rPois   .          Reflect  .   (helmet unavailable)
rElec   .          Harm     .   M - scarf {shadows}
rCorr   .          Rampage  .   U - +0 pair of gloves
Will    +....                   (no boots)
Stlth   ..........              H - amulet of faith
HPRegen 0.26/turn               T - ring of protection from fire
MPRegen 0.14/turn               (no ring)

@: glowing
A: permanent stasis, dig shafts and tunnels, antennae 3, four strong arms
a: Dig, Renounce Religion, Divine Shield, Cleansing Flame


You were in an ice cave.
You worshipped the Shining One.
The Shining One was most pleased with you.
You visited 2 branches of the dungeon, and saw 12 of its levels.
You also visited: Ossuary, Bailey and Ice Cave.

You collected 610 gold pieces.
You spent 400 gold pieces at shops.

Inventory:

Hand Weapons
 i - a +1 war axe of venom (weapon)
 L - a +2 battleaxe
Missiles
 a - 4 silver javelins
 f - 313 stones
 m - 3 boomerangs
 n - 3 atropa-tipped darts (quivered)
 F - a throwing net
 G - 2 datura-tipped darts
 N - 9 poisoned darts
Armour
 c - a +1 buckler (worn)
 h - a +0 plate armour (worn)
 M - a scarf of shadows (worn)
 S - +0 acid dragon scales
 U - a +0 pair of gloves (worn)
Jewellery
 b - a ring of flight
 d - an amulet of reflection
 H - an amulet of faith (around neck)
 P - a ring of magical power
 T - a ring of protection from fire (left hand)
Wands
 v - a wand of digging (7)
 I - a wand of polymorph (8)
 J - a wand of flame (14)
 R - a wand of mindburst (8)
Scrolls
 e - a scroll of immolation
 j - 4 scrolls of fog
 k - 5 scrolls of enchant armour
 l - a scroll of noise {unknown}
 s - 2 scrolls of amnesia {unknown}
 t - a scroll of fear {unknown}
 w - 2 scrolls of brand weapon {unknown}
 y - 2 scrolls of acquirement {unknown}
 A - 2 scrolls of magic mapping {unknown}
 O - a scroll of enchant weapon {unknown}
Potions
 p - a potion of invisibility {unknown}
 u - 3 potions of degeneration {!q}
 x - 2 potions of ambrosia
 z - 2 potions of cancellation
 B - 2 potions of mutation {unknown}
 C - a potion of attraction {unknown}
 D - 2 potions of flight {unknown}
 E - 2 potions of magic {unknown}
 K - a potion of brilliance {unknown}


   Skills:
 - Level 10.4 Fighting
 + Level 14.8 Axes
 + Level 6.5 Armour
 - Level 3.6 Shields
 - Level 5.1 Invocations


You had 11 spell levels left.
You didn't know any spells.
Your spell library contained the following spells:

 Spells                   Type           Power      Damage    Failure   Level
 Freeze                   Ice            0%         1d3       99%         1
 Pain                     Necr           0%         1d4       99%         1
 Sandblast                Erth           0%         2d4       99%         1
 Passwall                 Tmut/Erth      0%         N/A       100%        2
 Frozen Ramparts          Ice            0%         1d2       100%        3
 Ignite Poison            Fire/Tmut/Pois 0%         N/A       100%        3
 Mephitic Cloud           Conj/Pois/Air  0%         N/A       100%        3
 Stone Arrow              Conj/Erth      0%         3d7       100%        3
 Summon Guardian Golem    Hex/Summ       0%         N/A       100%        3
 Hailstorm                Conj/Ice       0%         3d3       100%        4
 Agony                    Necr           0%         N/A       100%        5
 Excruciating Wounds      Necr           0%         N/A       100%        5
 Freezing Cloud           Conj/Ice/Air   0%         6-21      100%        5
 Malign Gateway           Summ/Tloc      0%         N/A       100%        7
 Orb of Destruction       Conj           0%         N/A       100%        7
 Spellforged Servitor     Conj/Summ      0%         N/A       100%        7
 Summon Horrible Things   Summ           0%         N/A       100%        8


Dungeon Overview and Level Annotations

Branches:
Dungeon (11/15)            Temple (1/1) D:6            Lair (0/6) D:8
Ossuary (visited)          Bailey (visited)           IceCv (1/1)
    Orc: D:9-12

Altars:
Cheibriados
Dithmenos
Elyvilon
Fedhas
Gozag
Hepliaklqana
Kikubaaqudgha
Makhleb
Okawaru
Qazlal
Uskayaw
Wu Jian
Xom
Yredelemnul
Zin
The Shining One

Shops:
D:1 (   D:6 :   D:7 =

Annotations:
D:3 3 runed translucent doors, tensugalgo's ghost, amateur SpAM
D:10 2 transporters, Titania's ghost, journeyman GrEE
D:11 Snorg; Sonja


Innate Abilities, Weirdness & Mutations

You cannot be hasted, slowed, berserked, paralysed or teleported.
You can dig through walls and to a lower floor.
You have a pair of large antennae on your head. (SInv)
Your four strong arms can wield two-handed weapons with a shield.


Message History

* * * LOW HITPOINT WARNING * * *
The rime drake barely misses you.
The polar bear bites you but does no damage.
You block the polar bear's attack.
The polar bear claws you but does no damage.
The rime drake bites you.
* * * LOW HITPOINT WARNING * * *
The polar bear bites you.
* * * LOW HITPOINT WARNING * * *
The polar bear claws you but does no damage. x2
Activating: Cleansing Flame (43% risk of failure)
Press: ? - help, Dir - look around, f - activate The golden flame engulfs you but does no damage.
You resist.
The golden flame engulfs the polar bear!
The polar bear is severely wounded.
The golden flame engulfs the rime drake!
You kill the rime drake!
The golden flame engulfs the polar bear.
The polar bear is severely wounded.
You hear a bellow! x2; You hear a howl!
The polar bear bites you!!
* * * LOW HITPOINT WARNING * * *
You block the polar bear's attack. The polar bear barely misses you.
The polar bear goes berserk!
You hit the polar bear but do no damage.
The polar bear looks as sick as possible!
The polar bear is almost dead.
You hit the polar bear. The polar bear bites you!
* * * LOW HITPOINT WARNING * * *
The polar bear claws you but does no damage. x2
The polar bear completely misses you. You block the polar bear's attack.
The polar bear claws you but does no damage.
You slash the polar bear!
The polar bear looks as sick as possible!
The polar bear is almost dead.
You hit the polar bear.
The polar bear looks as sick as possible!
The polar bear bites you!!
You die...

#####
##...##
##..@..##
#..h†h..#
#..÷∩...#
##.....##
##...##
#...##
##...#
##...#
##...##


You could see 2 polar bears.

Vanquished Creatures
  Harold (D:7)
  A two-headed ogre (D:9)
  Urug (D:10)
  2 orc knights
  A cyclops (D:7)
  2 gargoyles (D:11)
  Maggie (D:10)
  A rime drake (IceCv)
  A polar bear (IceCv)
  A meliai zombie (D:11)
  Prince Ribbit (D:8)
  A vampire (D:7)
  11 yaks
  A vampire mosquito (D:7)
  Grum (D:11)
  Menkaure (D:5)
  A water moccasin (D:7)
  An ice beast (D:4)
  A hornet zombie (D:6)
  9 orc warriors
  3 black bears
  A necrophage (D:5)
  6 wolves
  5 centaurs
  2 phantoms
  3 kobold brigands
  3 bullfrogs
  A gnoll sergeant (D:5)
  2 scorpions (D:6)
  A wyvern skeleton (D:7)
  A water moccasin skeleton (D:5)
  3 killer bees
  5 wights (D:8)
  7 howler monkeys
  7 centaur zombies
  3 hounds (D:4)
  2 centaur skeletons
  7 orc priests
  2 jellies (D:5)
  2 gnoll shamans (D:6)
  Terence (D:2)
  An iguana (D:7)
  5 orc wizards
  A killer bee zombie (D:9)
  6 mummies (Ossuary)
  3 hound skeletons (D:5)
  A howler monkey zombie (D:4)
  24 gnolls
  2 howler monkey skeletons (D:5)
  4 adders
  2 white imps
  A worm (D:4)
  2 dart slugs
  41 orcs
  A ball python (D:4)
  7 endoplasms
  5 giant cockroaches
  16 goblins
  17 hobgoblins
  2 jackals (D:1)
  2 quokkas
  5 bats
  3 frilled lizards (D:1)
  4 hobgoblin zombies (Ossuary)
  19 kobolds
  A rat (D:3)
  A spectral goblin (D:1)
283 creatures vanquished.

Notes
Turn   | Place    | Note
-------+----------+-------------------------------------------
     0 | D:1      | Grim the Formicid Fighter began the quest for the Orb.
     0 | D:1      | Reached XP level 1. HP: 18/18 MP: 1/1
    23 | D:1      | Found a faded altar of an unknown god.
   194 | D:1      | Found Vaeh's Antique Weapon Shoppe.
   207 | D:1      | Reached XP level 2. HP: 24/24 MP: 2/2
   502 | D:1      | Reached skill level 3 in Axes
   732 | D:1      | Reached XP level 3. HP: 29/29 MP: 3/3
  1867 | D:2      | Noticed Terence
  1882 | D:2      | Killed Terence
  1883 | D:2      | Reached skill level 4 in Axes
  1883 | D:2      | Reached XP level 4. HP: 32/35 MP: 4/4
  2098 | D:3      | Found a runed translucent gate.
  2098 | D:3      | Found a runed translucent gate.
  2098 | D:3      | Found a runed translucent gate.
  2103 | D:3      | Noticed tensugalgo's ghost (amateur SpAM)
  2813 | D:4      | Reached XP level 5. HP: 11/41 MP: 5/5
  3061 | D:3      | Reached skill level 5 in Axes
  3454 | D:4      | Reached XP level 6. HP: 41/47 MP: 6/6
  3640 | D:4      | Reached skill level 6 in Axes
  4011 | D:4      | Found a burning altar of Makhleb.
  4287 | D:5      | Entered Level 5 of the Dungeon
  4297 | D:5      | Noticed an ice beast
  4331 | D:4      | Killed an ice beast
  4332 | D:4      | Reached skill level 7 in Axes
  4332 | D:4      | Reached XP level 7. HP: 31/52 MP: 7/7
  4958 | D:5      | Reached skill level 8 in Axes
  5084 | D:5      | Noticed Menkaure
  5289 | D:5      | Killed Menkaure
  5290 | D:5      | Reached XP level 8. HP: 31/58 MP: 8/8
  5538 | D:5      | Reached skill level 9 in Axes
  6465 | D:6      | Found a staircase to the Ecumenical Temple.
  6495 | Temple   | Entered the Ecumenical Temple
  6537 | Temple   | Became a worshipper of the Shining One
  6604 | D:6      | Found a sand-covered staircase.
  6613 | Ossuary  | Entered an ossuary
  6627 | Ossuary  | Reached skill level 10 in Axes
  6779 | Ossuary  | Reached * piety under the Shining One
  6784 | Ossuary  | Reached skill level 1 in Invocations
  7074 | D:6      | Reached XP level 9. HP: 24/64 MP: 9/11
  7953 | D:6      | Found a shadowy altar of Dithmenos.
  7965 | D:6      | Reached skill level 11 in Axes
  7965 | D:6      | Reached skill level 5 in Invocations
  8287 | D:6      | Found Moeseegh's Book Shop.
  8699 | D:7      | Noticed Harold
  8720 | D:7      | Killed Harold
  8721 | D:7      | Reached skill level 5 in Fighting
  9039 | D:7      | Found Wuruicly's Jewellery Emporium.
  9042 | D:7      | Bought an amulet of faith for 400 gold pieces
  9150 | D:7      | Reached XP level 10. HP: 74/74 MP: 13/13
  9158 | D:7      | Reached ** piety under the Shining One
  9368 | D:7      | Noticed a cyclops
  9402 | D:7      | Killed a cyclops
  9403 | D:7      | Reached skill level 12 in Axes
  9604 | D:7      | Found an iron altar of Okawaru.
  9817 | D:7      | Found a white marble altar of Elyvilon.
  9822 | D:7      | Found a hide-covered altar of Uskayaw.
  9825 | D:7      | Found an ornate altar of the Wu Jian Council.
  9875 | D:8      | Found a staircase to the Lair.
 10896 | D:8      | Noticed Prince Ribbit
 10919 | D:8      | Killed Prince Ribbit
 11288 | D:9      | Noticed a two-headed ogre
 11302 | D:9      | HP: 4/80 [two-headed ogre (4)]
 11304 | D:9      | Killed a two-headed ogre
 11305 | D:9      | Reached skill level 13 in Axes
 11730 | D:9      | Found a flagged portal.
 11738 | Bailey   | Entered a bailey
 11897 | Bailey   | Reached XP level 11. HP: 81/87 MP: 14/14
 12168 | Bailey   | Noticed an orc knight
 12192 | Bailey   | Killed an orc knight
 12203 | Bailey   | HP: 2/89 [orc warrior (6)]
 12206 | Bailey   | The Shining One protects you from harm!
 12598 | Bailey   | Noticed an orc knight
 12598 | Bailey   | Noticed an orc warlord
 12634 | D:9      | Killed an orc knight
 13022 | D:9      | Identified the +3 leather armour "Rozad" {Will++ Str+3
                  | Dex+3}
 13202 | D:9      | Reached skill level 10 in Fighting
 13543 | D:9      | Reached *** piety under the Shining One
 13807 | D:10     | Entered Level 10 of the Dungeon
 13837 | D:10     | Found a blossoming altar of Fedhas.
 13850 | D:10     | Noticed Maggie
 13869 | D:10     | Killed Maggie
 14273 | D:10     | Found a transporter.
 14275 | D:10     | Noticed Titania's ghost (journeyman GrEE)
 14275 | D:10     | Noticed a deep troll
 14275 | D:10     | Noticed a two-headed ogre
 14276 | D:10     | Noticed a moth of wrath
 14281 | D:10     | Found a transporter.
 14358 | D:10     | Reached skill level 14 in Axes
 14471 | D:10     | Noticed Urug
 14496 | D:10     | Killed Urug
 15341 | D:11     | Reached skill level 5 in Armour
 15606 | D:11     | Noticed Grum
 15621 | D:11     | Killed Grum
 15624 | D:11     | Reached XP level 12. HP: 73/98 MP: 15/15
 15893 | D:11     | Found a frozen archway.
 15898 | D:11     | Noticed Sonja
 15899 | D:11     | Noticed Snorg
 15901 | IceCv    | Entered an ice cave
 16338 | IceCv    | Mangled by a polar bear

Illustrated notes

Levels and vault maps discovered:
D:1:      dpeg_arrival_windows_large_door, layout_loops_corners,
          dreamdust_ecumenical_altar_drowned_temple, serial_shops, shop
D:2:      layout_loops_corners, uniq_terence
D:3:      layout_rooms, ebering_ghost_rock_garden
D:4:      layout_gridville, makhleb_heckhound_becter, serial_forest,
          infiniplex_forest_lined_2, infiniplex_forest_clump_small,
          infiniplex_forest_lined_3, infiniplex_forest_straight_2
D:5:      layout_gridville, grunt_tough_drop, uniq_menkaure
D:6:      nicolae_BIG_FREAKIN_CUBE, layout_loops_corners,
          nicolae_dithmenos_shadow_blocks, minmay_temple_entry_drinking_statues,
          enter_ossuary_1, serial_shops, nicolae_shop_behind_doors
D:7:      minmay_chambers_of_sixes, layout_rooms,
          minmay_overflow_temple_star_quad, lemuel_crystal_altar, serial_shops,
          nicolae_shop_behind_doors, palyth_stone_intersect, uniq_harold
D:8:      layout_rooms, lair_entry_dummy, hangedman_abyss_or_decor_lesser_grid,
          uniq_prince_ribbit1
D:9:      layout_loops_ring, enter_bailey_2, grunt_ministairs_14
D:10:     layout_roguey, fedhas_altar_2, gammafunk_ghost_wrathful_warriors,
          uniq_maggie, uniq_urug
D:11:     layout_loops_ring, portal_ice_cave_entry_pillars_1, uniq_sonja,
          uniq_grum, uniq_snorg
Temple:   regret_index_temple_waves
IceCv:    ice_cave_small_giant

Skill      XL: |  1  2  3  4  5  6  7  8  9 10 11 12 |
---------------+-------------------------------------+-----
Axes           | 3 4 5 7 8 10 11 13 14 | 14.8
Invocations    | 3 5 |  5.1
Fighting       | 5 8 10 | 10.4
Armour         | 5 6 |  6.5
Shields        | |  3.6

Action                   |  1- 3 |  4- 6 |  7- 9 | 10-12 || total
-------------------------+-------+-------+-------+-------++-------
Melee: War axe           |    87 |   109 |   282 |   504 ||   982
Throw: Boomerang         |     7 |    57 |    29 |    11 ||   104
       Dart              |     3 |     4 |     2 |    13 ||    22
       Stone             |       |       |       |     1 ||     1
Invok: Divine Shield     |       |       |     1 |     5 ||     6
       Cleansing Flame   |       |       |       |     1 ||     1
Evoke: Wand              |       |       |       |     3 ||     3
  Use: Potion            |       |     1 |     6 |     3 ||    10
       Scroll            |       |       |       |     9 ||     9
 Stab: Invisible         |       |     1 |       |       ||     1
Armor: Scale mail        |    40 |    60 |   133 |   128 ||   361
       Plate armour      |       |       |       |    64 ||    64
Dodge: Dodged            |    41 |    58 |   104 |   152 ||   355
Block: Buckler           |    12 |    25 |    75 |   110 ||   222

Table legend: (Time is in decaauts)
 A = Elapsed time spent in this place.
 B = Non-inter-level travel time spent in this place.
 C = Inter-level travel time spent in this place.
 D = Time resting spent in this place.
 E = Time spent auto-exploring this place.
 F = Levels seen in this place.
 G = Mean time per level.
                   A        B        C        D        E       F      G
               +--------+--------+--------+--------+--------+-----+--------+
         Total |  16359 |  16138 |    221 |   6192 |   7229 |  15 | 1090.6 |
       Dungeon |  14585 |  14364 |    221 |   5248 |   6847 |  11 | 1325.9 |
        Temple |     70 |     70 |      0 |      0 |      0 |   1 |   70.0 |
       Ossuary |    410 |    410 |      0 |    282 |     65 |   1 |  410.0 |
        Bailey |    859 |    859 |      0 |    275 |    310 |   1 |  859.0 |
      Ice Cave |    432 |    432 |      0 |    387 |      7 |   1 |  432.0 |
               +--------+--------+--------+--------+--------+-----+--------+

Top non-repeatable levels by time:
     D:4: 1804 daAuts
     D:6: 1752 daAuts
     D:9: 1636 daAuts
     D:7: 1599 daAuts
    D:10: 1510 daAuts
     D:5: 1443 daAuts
     D:1: 1200 daAuts
     D:2: 1134 daAuts
     D:8: 1051 daAuts
     D:3: 895 daAuts
  Bailey: 859 daAuts
    D:11: 557 daAuts
   IceCv: 432 daAuts
 Ossuary: 410 daAuts
  Temple: 70 daAuts
